 Dungeon Crawl Stone Soup version 0.21-a0-513-gdcb3f5e (webtiles) character file.

67361 theanonym the Severer (level 15, -7/119 HPs)
             Began as a Formicid Fighter on Dec 3, 2017.
             Was the Champion of Okawaru.
             Mangled by an enormous slime creature (58 damage)
             ... on level 12 of the Dungeon.
             The game lasted 00:44:47 (18285 turns).

theanonym the Severer (Formicid Fighter)           Turns: 18285, Time: 00:44:48

Health: -7/119     AC: 23    Str: 25    XL:     15   Next: 65%
Magic:  0/40       EV: 10    Int: 10    God:    Okawaru [******]
Gold:   1138       SH: 22    Dex: 10    Spells: 14/14 levels left

rFire    . . .     SeeInvis +   P - +4 battleaxe (freeze)
rCold    . . .     Gourm    .   R - +1 large shield
rNeg     . . .     Faith    .   E - +3 plate armour {MR+} {god gift}
rPois    .         Spirit   +   (helmet unavailable)
rElec    .         Reflect  .   t - scarf {Spirit} {god gift}
rCorr    .         Harm     .   D - +0 pair of gloves
MR       ++...                  C - +0 pair of boots
Stlth    ..........             m - amulet of regeneration {+regen}
HPRegen  0.69/turn              Q - ring of magical power {MP+9}
MPRegen  0.27/turn              p - ring of magical power {MP+9}

@: heroism
A: permanent stasis, dig shafts and tunnels, four strong arms, antennae 3
a: Dig, Shaft Self, Heroism, Finesse, Renounce Religion


Innate Abilities, Weirdness & Mutations

You cannot be hasted, slowed, berserked, paralysed or teleported.
You can dig through walls and to a lower floor.
Your four strong arms can wield two-handed weapons with a shield.
You have a pair of large antennae on your head. (SInv)


   Skills:
 + Level 11.5(16.5) Fighting
 - Level 18.0(23.0) Axes
 + Level 10.3(15.3) Armour
 + Level 11.1(16.1) Shields
 - Level 10.0 Invocations
 - Level 5.0 Evocations


You had 14 spell levels left.
You didn't know any spells.

Skill      XL: |  1  2  3  4  5  6  7  8  9 10 11 12 13 14 15 |
---------------+----------------------------------------------+-----
Axes           | 3 4 5 6 8 9 11 12 14 15 17 18 | 18.0
Invocations    | 1 3 5 7 9 10 | 10.0
Fighting       | 4 6 8 10 11 | 11.5
Shields        | 7 9 11 | 11.1
Armour         | 6 8 10 | 10.3
Evocations     | 3 5 |  5.0

Action                   |  1- 3 |  4- 6 |  7- 9 | 10-12 | 13-15 || total
-------------------------+-------+-------+-------+-------+-------++-------
Melee: War axe           |    70 |   160 |   271 |       |       ||   501
       Unarmed           |       |     2 |       |       |       ||     2
       Battleaxe         |       |       |    64 |   429 |   183 ||   676
       Broad axe         |       |       |       |   109 |   564 ||   673
       Morningstar       |       |       |       |       |    37 ||    37
Throw: Tomahawk          |       |       |       |     7 |     3 ||    10
Invok: Heroism           |       |       |     7 |     8 |    16 ||    31
       Finesse           |       |       |       |     1 |       ||     1
 Abil: Dig               |       |       |       |     2 |     5 ||     7
Evoke: Lightning rod     |       |       |       |       |     4 ||     4
  Use: Scroll            |       |     4 |     6 |     7 |    12 ||    29
       Potion            |       |       |       |     3 |       ||     3
  Eat: Chunk             |       |     6 |    13 |    16 |    20 ||    55
       Royal jelly       |       |       |     1 |     1 |     4 ||     6
       Bread ration      |       |       |     1 |       |       ||     1
Armor: Scale mail        |    22 |    42 |       |       |       ||    64
       Chain mail        |       |    11 |       |       |   143 ||   154
       Plate armour      |       |    33 |   170 |   209 |    83 ||   495
Dodge: Dodged            |     9 |    41 |    64 |    84 |   121 ||   319
Block: Shield            |    36 |    83 |   161 |   200 |       ||   480
       Large shield      |       |       |       |    30 |   613 ||   643
       Reflection        |       |       |       |       |    10 ||    10

Inventory:

Hand Weapons
 a - the +6 broad axe of Dud Yvi {god gift, elec, rPois Stlth+}
   (Okawaru gifted it to you on level 10 of the Dungeon)

   Occasionally, upon striking a foe, it will discharge some electrical energy
   and cause terrible harm.
   It protects you from poison.
   It makes you more stealthy.
 b - a +3 morningstar of freezing
   (You took it off a wight on level 7 of the Dungeon)
 P - a +4 battleaxe of freezing (weapon)
   (You took it off a wight on level 7 of the Dungeon)
Missiles
 z - 2 tomahawks of dispersal {god gift}
 L - 22 tomahawks (quivered)
 O - 4 silver tomahawks
Armour
 t - a scarf of spirit shield (worn) {god gift}
   (Okawaru gifted it to you on level 9 of the Dungeon)
 C - a +0 pair of boots (worn)
   (You found it on level 4 of the Dungeon)
 D - a +0 pair of gloves (worn)
   (You found it on level 4 of the Dungeon)
 E - a +3 plate armour of magic resistance (worn) {god gift}
   (Okawaru gifted it to you on level 6 of the Lair of Beasts)
 R - a +1 large shield (worn)
   (You found it on level 10 of the Dungeon)
Jewellery
 j - an uncursed amulet of guardian spirit {Spirit}
   (You found it on level 1 of the Dungeon)
 m - an amulet of regeneration (around neck) {+regen}
   (You found it on level 1 of the Dungeon)
 n - an uncursed ring of positive energy {rN+}
   (You found it on level 3 of the Dungeon)
 p - a ring of magical power (right hand) {MP+9}
   (You found it on level 2 of the Dungeon)
 A - an uncursed ring of resist corrosion
   (You found it on level 3 of the Lair of Beasts)
 F - a +3 amulet of reflection
   (You found it on level 7 of the Dungeon)
 M - an uncursed ring of protection from fire {rF+}
   (You bought it in a shop on level 9 of the Dungeon)
 Q - a ring of magical power (left hand) {MP+9}
   (You found it on level 10 of the Dungeon)
Wands
 c - a wand of clouds (8)
   (You took it off Maurice on level 8 of the Dungeon)
 d - a wand of digging (6)
   (You found it on level 4 of the Dungeon)
 o - a wand of iceblast (6)
   (You found it on level 2 of the Dungeon)
 v - a wand of acid (21)
   (You found it on level 3 of the Dungeon)
 H - a wand of random effects (26)
   (You found it on level 8 of the Dungeon)
 J - a wand of paralysis (16)
   (You found it on level 6 of the Dungeon)
 N - a wand of enslavement (10)
   (You found it on level 9 of the Dungeon)
 T - a wand of disintegration (18)
   (You found it on level 6 of the Lair of Beasts)
Scrolls
 g - 3 scrolls of remove curse
 h - 2 scrolls of amnesia
 i - 4 scrolls of fear {!r}
 k - 3 scrolls of enchant weapon
 r - a scroll of identify
 x - 2 scrolls of enchant armour
 y - 5 scrolls of magic mapping {!r}
 K - a scroll of immolation
Potions
 l - 3 potions of lignification
 q - a potion of heal wounds
 s - 2 potions of cancellation
 u - 5 potions of flight
 w - 6 potions of curing
 B - 3 potions of might
 G - a potion of mutation
 S - a potion of invisibility
 W - 3 potions of brilliance
Miscellaneous
 f - a lightning rod (2/4)
   (You found it on level 12 of the Dungeon)
 U - a fan of gales
   (You found it on level 11 of the Dungeon)
 V - a lightning rod (2/4)
   (You found it on level 11 of the Dungeon)
Comestibles
 e - 6 royal jellies
 I - 11 bread rations
 X - 9 meat rations
 Y - 5 chunks of flesh

Dungeon Overview and Level Annotations

Branches:
Dungeon (13/15)            Temple (1/1) D:4            Lair (6/6) D:9
 Shoals (0/4) Lair:3       Spider (0/4) Lair:3        Slime (0/5) Lair:5
    Orc (1/2) D:9
 Vaults: D:13-14

Altars:
Ashenzari
Elyvilon
Fedhas
Gozag
Hepliaklqana
Kikubaaqudgha
Makhleb
Okawaru
Trog
Uskayaw
Vehumet
Xom
Yredelemnul
Zin
The Shining One
Beogh

Shops:
D:9 [[:=?   D:10 ?

Portals:
Trove: D:10 (give +3 fire dragon scales)

Annotations:
D:9 statue, exclusion: orange crystal statue


You were on level 12 of the Dungeon.
You worshipped Okawaru.
Okawaru was exalted by your worship.
You were not hungry.

You visited 4 branches of the dungeon, and saw 21 of its levels.

You collected 1638 gold pieces.
You spent 500 gold pieces at shops.


Message History

No target in view!
No target in view!
No target in view!
You start resting.
Eating one of 2 chunks of flesh.
You eat one of the 2 chunks of flesh.
A necrophage comes into view.
The necrophage barely misses you.
You slash the necrophage! You freeze the necrophage.
The necrophage hits you but does no damage.
You hit the necrophage. You freeze the necrophage.
The necrophage barely misses you.
You slash the necrophage!
You destroy the necrophage!
Okawaru accepts your kill.
Things that are here:
a giant spiked club; a giant club; a two-headed ogre corpse You butcher the two-headed ogre corpse.
Y - 5 chunks of flesh (gained 4)
Things that are here:
a giant spiked club; a giant club
Things that are here:
a giant spiked club; a giant club
Found a hunting sling.
You see here a robe.
You regained 3 hp, and now have 114/119 hp.
Found a plate armour.
You regained 3 hp, and now have 117/119 hp.
You see here a plate armour.
Found an escape hatch in the floor.
Health restored: 119; MP restored: 40 An unseen horror comes into view.
You block the unseen horror's attack.
You slice the unseen horror!! You freeze the unseen horror!
You block the unseen horror's attack. You block the unseen horror's attack.
You block the unseen horror's attack. You block the unseen horror's attack.
The unseen horror hits you.
You take 2 damage, and have 117/119 hp.
You now have 39/40 mp.
The unseen horror barely misses you.
You slice the unseen horror!! You freeze the unseen horror.
You kill the unseen horror!
Okawaru accepts your kill.
No target in view!
No target in view!
No target in view!
A slime creature comes into view.
Health restored: 119; MP restored: 40 A slime creature is nearby!
A slime creature is nearby!
A slime creature is nearby!
A slime creature comes into view.
A slime creature comes into view.
The slime creature quivers.
A slime creature comes into view.
The slime creature hits you.
Two slime creatures merge to form a large slime creature.
You take 1 damage, and have 118/119 hp.
You slash the large slime creature! You freeze the large slime creature.
Health restored: 119 You slash the large slime creature!
You freeze the large slime creature. You hit the large slime creature.
You freeze the large slime creature.
You block the large slime creature's attack.
Two slime creatures merge to form a very large slime creature.
You slice the very large slime creature!!
You freeze the very large slime creature.
You slice the very large slime creature!!
You freeze the very large slime creature!
Two slime creatures merge to form an enormous slime creature.
You barely miss the enormous slime creature.
Your shield and plate armour prevent you from hitting the enormous slime creature.
The enormous slime creature hits you!!!
You take 32 damage, and have 87/119 hp.
MASSIVE DAMAGE!!
You now have 29/40 mp.
You slash the enormous slime creature! You freeze the enormous slime creature.
You block the enormous slime creature's attack.
You slash the enormous slime creature! You freeze the enormous slime creature.
You block the enormous slime creature's attack.
You slash the enormous slime creature! You freeze the enormous slime creature!
You block the enormous slime creature's attack.
You slice the enormous slime creature!! You freeze the enormous slime creature!
You block the enormous slime creature's attack.
You slice the enormous slime creature!! You freeze the enormous slime creature!
The enormous slime creature hits you!!!
* * * LOW MAGIC WARNING * * *;
* * * LOW HITPOINT WARNING * * *
You hear a shout! x2
You take 39 damage, and have 50/119 hp.
MASSIVE DAMAGE!!
You now have 17/40 mp.
You are too injured to fight recklessly!
You are too injured to fight recklessly!
You are too injured to fight recklessly!
You are too injured to fight recklessly!
You are too injured to fight recklessly!
You gain the combat prowess of a mighty hero.
* * * LOW MAGIC WARNING * * *
You block the enormous slime creature's attack.
You now have 15/40 mp.
You slice the enormous slime creature!! You freeze the enormous slime creature!
You barely miss the enormous slime creature.
The enormous slime creature hits you!!!!
* * * LOW MAGIC WARNING * * *
You die...

####### #####.....######
#......##.......
#########.###...........
......J@................
#########.#.....######..
####.#.....# #...
..#.#.....## #...
#.#.##.....# #...
###.#.#...##.####..#
#.......#......##.)#
#.#...#......).##..#
#.#.####....∩..##..#


You could see an enormous slime creature.

Notes
Turn   | Place    | Note
-------+----------+-------------------------------------------
     0 | D:1      | theanonym the Formicid Fighter began the quest for the Orb.
     0 | D:1      | Reached XP level 1. HP: 18/18 MP: 1/1
    29 | D:1      | Reached XP level 2. HP: 23/24 MP: 2/2
    62 | D:1      | Reached skill level 3 in Axes
   255 | D:1      | Reached XP level 3. HP: 26/29 MP: 3/3
   503 | D:1      | You fall through a shaft!
   580 | D:2      | Noticed Natasha
   586 | D:2      | Killed Natasha
   586 | D:2      | Reached skill level 4 in Axes
   586 | D:2      | Reached XP level 4. HP: 33/35 MP: 4/4
   948 | D:2      | Found a blossoming altar of Fedhas.
  1078 | D:2      | Noticed Natasha
  1120 | D:2      | Killed Natasha
  1120 | D:2      | Reached XP level 5. HP: 41/41 MP: 5/5
  1512 | D:3      | Reached skill level 5 in Axes
  2054 | D:3      | Reached XP level 6. HP: 47/47 MP: 6/6
  2072 | D:3      | Reached skill level 6 in Axes
  2252 | D:4      | Found a staircase to the Ecumenical Temple.
  2258 | Temple   | Entered the Ecumenical Temple
  2279 | Temple   | Became a worshipper of Warmaster Okawaru
  2446 | D:4      | Found a hazy altar of Hepliaklqana.
  2512 | D:4      | Noticed Robin
  2524 | D:4      | Killed Robin
  2638 | D:4      | Reached XP level 7. HP: 44/52 MP: 7/7
  2692 | D:4      | Noticed Dowan
  2693 | D:4      | Reached skill level 7 in Axes
  2694 | D:4      | Noticed Duvessa
  2705 | D:4      | Killed Duvessa
  2719 | D:4      | HP: 22/52 [Dowan/stone arrow (11)]
  2721 | D:4      | Killed Dowan
  2721 | D:4      | Reached * piety under Okawaru
  3098 | D:4      | HP: 25/52 [ogre/giant club (13)]
  3099 | D:4      | Reached skill level 8 in Axes
  3388 | D:5      | Entered Level 5 of the Dungeon
  3452 | D:5      | Reached skill level 1 in Invocations
  3452 | D:5      | Reached XP level 8. HP: 48/58 MP: 8/8
  3522 | D:5      | Reached skill level 2 in Invocations
  3633 | D:5      | Reached skill level 4 in Fighting
  3642 | D:5      | Reached skill level 9 in Axes
  3747 | D:5      | Reached skill level 3 in Invocations
  4034 | D:5      | Reached XP level 9. HP: 64/67 MP: 11/11
  4243 | D:5      | Reached ** piety under Okawaru
  4243 | D:5      | Reached skill level 5 in Fighting
  4243 | D:5      | Reached skill level 4 in Invocations
  4488 | D:5      | Reached skill level 10 in Axes
  5235 | D:7      | Reached skill level 5 in Invocations
  5389 | D:7      | Reached skill level 6 in Fighting
  5665 | D:7      | Reached *** piety under Okawaru
  5665 | D:7      | Reached skill level 11 in Axes
  5683 | D:7      | Reached XP level 10. HP: 77/77 MP: 13/13
  5704 | D:7      | Received a gift from Okawaru
  5941 | D:8      | Reached skill level 7 in Fighting
  5944 | D:8      | Noticed Kilingo's ghost (novice DrBe)
  5979 | D:8      | Killed Kilingo's ghost
  5979 | D:8      | Reached **** piety under Okawaru
  6052 | D:8      | Reached skill level 12 in Axes
  6446 | D:8      | Reached skill level 8 in Fighting
  6492 | D:8      | HP: 38/80 [killer bee (3)]
  6496 | D:8      | HP: 18/80 [poisoned by a killer bee]
  6501 | D:8      | HP: 38/80 [poisoned by a killer bee]
  6908 | D:8      | Noticed Maurice
  6924 | D:8      | Killed Maurice
  6924 | D:8      | Reached ***** piety under Okawaru
  7315 | D:9      | Found a staircase to the Orcish Mines.
  7315 | D:9      | Found Soedd's Armour Emporium.
  7349 | D:9      | Reached XP level 11. HP: 83/87 MP: 14/14
  7432 | D:9      | Reached skill level 9 in Fighting
  7432 | D:9      | Reached skill level 13 in Axes
  7566 | D:9      | Found a staircase to the Lair.
  7644 | D:9      | Found Wisynukk's Book Shoppe.
  7644 | D:9      | Found Zayrimp's Armour Shoppe.
  7644 | D:9      | Found Sothifo's Jewellery Shoppe.
  7653 | D:9      | Found Ymyod's Magic Scroll Shoppe.
  7660 | D:9      | Bought an uncursed ring of protection from fire for 350 gold pieces
  7664 | D:9      | Bought a scroll of fear for 38 gold pieces
  7664 | D:9      | Bought a scroll of magic mapping for 38 gold pieces
  7664 | D:9      | Bought a scroll of identify for 22 gold pieces
  7666 | D:9      | Bought a scroll of identify for 22 gold pieces
  7793 | D:9      | Received a gift from Okawaru
  7828 | D:9      | Noticed an unseen horror
  7836 | D:9      | Killed an unseen horror
  7836 | D:9      | Reached skill level 6 in Invocations
  7901 | D:9      | Noticed an orange crystal statue
  8133 | D:9      | Noticed Joseph
  8146 | D:9      | Killed Joseph
  8668 | D:10     | Entered Level 10 of the Dungeon
  8783 | D:10     | Reached skill level 10 in Fighting
  8783 | D:10     | Reached skill level 14 in Axes
  8796 | D:10     | Reached skill level 7 in Invocations
  8807 | D:10     | Reached XP level 12. HP: 94/97 MP: 17/17
  8961 | D:10     | Found Civ Qeumugy's Magic Scroll Shoppe.
  8969 | D:10     | Bought a scroll of identify for 30 gold pieces
  9088 | D:10     | Noticed Snorg
  9111 | D:10     | HP: 47/97 [Snorg (16)]
  9113 | D:10     | Killed Snorg
  9113 | D:10     | Received a gift from Okawaru
  9113 | D:10     | Reached skill level 8 in Invocations
  9114 | D:10     | Got a shimmering broad axe {god gift}
  9115 | D:10     | Identified the +6 broad axe of Dud Yvi {god gift, elec, rPois Stlth+} (Okawaru gifted it to you on level 10 of the Dungeon)
  9380 | D:10     | Reached skill level 15 in Axes
  9417 | D:10     | Noticed Josephine
  9425 | D:10     | Noticed a vault guard
  9430 | D:10     | Killed Josephine
  9433 | D:10     | Killed a vault guard
  9527 | D:10     | Found a portal to a secret trove of treasure.
  9581 | Orc:1    | Entered Level 1 of the Orcish Mines
  9591 | Orc:1    | Reached skill level 9 in Invocations
  9991 | Orc:1    | Found a roughly hewn altar of Beogh.
 10007 | Orc:1    | Reached XP level 13. HP: 65/103 MP: 17/20
 10009 | Orc:1    | Reached skill level 10 in Invocations
 10153 | Orc:1    | HP: 48/103 [ogre/giant club (13)]
 10154 | Orc:1    | Reached skill level 16 in Axes
 10157 | Orc:1    | Reached skill level 4 in Shields
 10794 | Lair:1   | Entered Level 1 of the Lair of Beasts
 10802 | Lair:1   | Received a gift from Okawaru
 10802 | Lair:1   | Reached skill level 4 in Armour
 10853 | Lair:1   | Found a radiant altar of Vehumet.
 11143 | Lair:1   | Reached skill level 5 in Shields
 11349 | Lair:1   | Noticed a four-headed hydra
 11363 | Lair:1   | Killed a four-headed hydra
 11539 | Lair:1   | Noticed a six-headed hydra
 11547 | Lair:1   | Killed a six-headed hydra
 11547 | Lair:1   | Received a gift from Okawaru
 11547 | Lair:1   | Reached skill level 5 in Armour
 12241 | Lair:2   | Reached skill level 6 in Shields
 12912 | Lair:3   | Noticed a seven-headed hydra
 12920 | Lair:3   | Killed a seven-headed hydra
 12920 | Lair:3   | Reached skill level 6 in Armour
 13092 | Lair:3   | Found a staircase to the Shoals.
 13108 | Lair:3   | Reached skill level 17 in Axes
 13109 | Lair:3   | HP: 51/103 [merfolk/trident (9)]
 13214 | Lair:3   | Reached skill level 7 in Shields
 13285 | Lair:3   | Noticed a six-headed hydra
 13297 | Lair:3   | Killed a six-headed hydra
 13706 | Lair:3   | Found a basalt altar of Yredelemnul.
 13714 | Lair:3   | HP: 51/103 [centaur/arrow (2)]
 13720 | Lair:3   | HP: 44/103 [centaur/arrow (5)]
 13722 | Lair:3   | Reached XP level 14. HP: 47/110 MP: 10/21
 14184 | Lair:3   | Found a hole to the Spider Nest.
 14279 | Lair:4   | Reached skill level 7 in Armour
 14584 | Lair:4   | Reached skill level 8 in Shields
 14811 | Lair:4   | Reached ****** piety under Okawaru
 15214 | Lair:5   | Received a gift from Okawaru
 15218 | Lair:5   | Found a staircase to the Slime Pits.
 15604 | Lair:6   | Entered Level 6 of the Lair of Beasts
 15718 | Lair:6   | Reached skill level 8 in Armour
 15836 | Lair:6   | Reached skill level 9 in Shields
 15885 | Lair:6   | Reached skill level 18 in Axes
 16175 | Lair:6   | Reached skill level 1 in Evocations
 16250 | Lair:6   | Received a gift from Okawaru
 16318 | Lair:6   | Reached skill level 2 in Evocations
 16773 | Lair:6   | Reached skill level 3 in Evocations
 16773 | Lair:6   | Reached XP level 15. HP: 95/117 MP: 22/22
 16782 | Lair:6   | Reached skill level 9 in Armour
 16801 | Lair:6   | Received a gift from Okawaru
 16811 | Lair:6   | Reached skill level 10 in Shields
 17029 | Lair:6   | Received a gift from Okawaru
 17029 | Lair:6   | Reached skill level 4 in Evocations
 17685 | D:11     | You fall through a shaft for 2 floors!
 17739 | D:12     | Reached skill level 11 in Fighting
 18003 | D:12     | Found a frozen archway.
 18061 | D:12     | Reached skill level 5 in Evocations
 18086 | D:12     | Reached skill level 10 in Armour
 18110 | D:12     | Reached skill level 11 in Shields
 18282 | D:12     | HP: 50/119 [enormous slime creature (40)]
 18285 | D:12     | Mangled by an enormous slime creature

Vanquished Creatures
  Snorg (D:10)
  Josephine (D:10)
  A vault guard (D:10)
  7 hydras
  2 two-headed ogres
  4 catoblepae
  The ghost of Kilingo the Carver, a novice DrBe of Trog (D:8)
  7 death yaks (Lair:6)
  2 unseen horrors
  8 deep elf magi (Orc:1)
  A wolf spider (Lair:3)
  2 necromancers (D:12)
  An orc sorcerer (Orc:1)
  3 manticores
  3 ugly things (D:11)
  Joseph (D:9)
  5 elephants (Lair:6)
  Maurice (D:8)
  A torpor snail (Lair:4)
  2 merfolk sirens (Lair:3)
  7 black mambas
  9 spiny frogs
  A gargoyle (D:10)
  A kobold demonologist (D:12)
  4 komodo dragons
  3 jumping spiders (Lair:3)
  2 merfolk (Lair:3)
  A queen bee (D:8)
  2 polar bears
  2 trolls (Orc:1)
  A wolf spider simulacrum (D:12)
  A hornet (D:11)
  A slime creature (Lair:5)
  20 blink frogs
  5 hippogriffs
  4 flying skulls (D:12)
  2 shadows (D:12)
  A redback (Lair:3)
  10 wraiths
  2 water elementals (D:12)
  A wyvern (Lair:6)
  56 yaks
  A vampire (D:12)
  A basilisk (Lair:6)
  A fire elemental (Lair:6)
  2 hungry ghosts
  2 wargs (D:9)
  9 water moccasins
  5 porcupines
  Duvessa (D:4)
  2 ice beasts
  7 orc warriors
  A black bear (D:10)
  7 sky beasts
  A phantom (D:10)
  An eye of draining (D:11)
  3 necrophages
  10 centaurs
  16 wolves
  9 ogres
  11 crocodiles
  3 big kobolds
  3 wyvern zombies (D:12)
  9 bullfrogs
  Dowan (D:4)
  4 scorpions
  17 killer bees
  10 wights
  2 electric eels (D:12)
  4 howler monkeys
  7 crimson imps
  6 bullfrog zombies
  2 quasits
  4 centaur skeletons
  6 centaur zombies
  5 hounds
  12 orc priests
  7 jellies
  6 bullfrog skeletons
  3 iguanas
  8 worker ants
  Natasha (twice) (D:2)
  18 orc wizards
  2 centaur simulacra (D:12)
  Robin (D:4)
  A howler monkey zombie (D:8)
  2 worker ant zombies
  16 gnolls
  8 adders
  3 shadow imps
  13 white imps (D:12)
  An ufetubus (D:12)
  2 adder skeletons
  3 dart slugs
  6 leopard geckos
  78 orcs
  A ball python (D:4)
  8 giant cockroaches
  21 goblins
  9 hobgoblins
  3 jackals (D:3)
  4 quokkas
  5 bats
  2 frilled lizards (D:1)
  A jackal skeleton (D:4)
  14 kobolds
  10 rats
  8 plants
641 creatures vanquished.

Vanquished Creatures (others)
  A centaur (Lair:3)
  3 fungi
  17 plants
21 creatures vanquished.

Grand Total: 662 creatures vanquished
